 Dungeon Crawl Stone Soup version 0.29.1-15-g9cfb28693d (webtiles) character file.

Game seed: 15283368090564160879

23 iamoutofideas the Firebug (level 3, 26/26 HPs)
             Began as a Meteoran Fire Elementalist on Feb 2, 2023.
             Quit the game on level 1 of the Dungeon on Apr 24, 2023.
             The game lasted 00:01:21 (646 turns).

iamoutofideas the Firebug (MeFE)                     Turns: 646, Time: 00:01:22

Health: 26/26      AC:  2    Str: 10    XL:     3   Next: 29%
Magic:  14/17      EV: 12    Int: 18    God:
Gold:   39         SH:  0    Dex: 14    Spells: 5/8 levels left

rFire   . . .      SeeInvis .   (no weapon)
rCold   . . .      Faith    .   (no shield)
rNeg    . . .      Spirit   .   a - +0 robe
rPois   .          Reflect  .   (no helmet)
rElec   .          Harm     .   (no cloak)
rCorr   .          Rampage  .   (no gloves)
Will    .....                   (no boots)
Stlth   +.........              (no amulet)
HPRegen 0.08/turn               c - ring of magical power
MPRegen 0.15/turn               (no ring)

@: glowing
A: sense surroundings 1, otherworldly, glowing, explore regen
a: no special abilities


You were on level 1 of the Dungeon.
You visited 1 branch of the dungeon, and saw 2 of its levels.

You collected 39 gold pieces.

Inventory:

Armour
 a - a +0 robe (worn)
 g - a +0 hat
 h - a +0 buckler
Jewellery
 c - a ring of magical power (left hand)
Scrolls
 d - a scroll of silence {unknown}
 e - a scroll of blinking {unknown}
 f - a scroll of teleportation {unknown}
Potions
 b - 2 potions of magic


   Skills:
 + Level 2.4 Dodging
 + Level 1.6 Stealth
 + Level 3.2 Spellcasting
 + Level 1.4 Conjurations
 + Level 4.3 Fire Magic


You had 5 spell levels left.
You knew the following spells:

 Your Spells              Type           Power      Damage    Failure   Level
a - Foxfire               Conj/Fire      52%        2x1d6     4%          1
b - Scorch                Fire           36%        2d7       4%          2

Your spell library contained the following spells:

 Spells                   Type           Power      Damage    Failure   Level
 Conjure Flame            Conj/Fire      13%        6-21      14%         3
 Inner Flame              Hex/Fire       10%        N/A       21%         3
 Flame Wave               Conj/Fire      13%        2d6       43%         4


Dungeon Overview and Level Annotations

Branches:
Dungeon (2/15) Zot: 555

Altars:


Innate Abilities, Weirdness & Mutations

You passively map a small area around you.
You are easily found by Zot.
You glow in the dark.
You regain HP and MP as you explore.


Message History

The hobgoblin misses you.
You hit the hobgoblin but do no damage.
The hobgoblin is moderately wounded.
The hobgoblin hits you.
Casting: Foxfire (safe; 4% risk of failure)
Confirm with . or Enter, or press ? or * to list all spells.
You conjure some foxfire!
The hobgoblin hits you.
The foxfire hits the hobgoblin.
The hobgoblin is severely wounded.
The foxfire hits the hobgoblin but does no damage.
The hobgoblin is severely wounded.
The hobgoblin hits you.
Casting: Foxfire (safe; 4% risk of failure)
Confirm with . or Enter, or press ? or * to list all spells.
You conjure some foxfire!
The hobgoblin hits you.
The foxfire hits the hobgoblin but does no damage.
The hobgoblin is severely wounded.
The foxfire hits the hobgoblin but does no damage.
The hobgoblin is severely wounded.
The hobgoblin closely misses you.
Casting: Foxfire (safe; 4% risk of failure)
Confirm with . or Enter, or press ? or * to list all spells.
You conjure some foxfire!
The hobgoblin closely misses you.
A hobgoblin is nearby!
A hobgoblin is nearby!
You completely miss the hobgoblin.
The hobgoblin is severely wounded.
The foxfire hits the hobgoblin.
You kill the hobgoblin!
No target in view!
Unknown command.
Welcome back, iamoutofideas the Meteoran Fire Elementalist.
Press ? for a list of commands and other information.
Your foxfire dissipates!
Found a shiny bronze ring.
HP restored.
Found a scroll labelled ZEXOISKOSAE.
Okay, then.
Unknown command.
Are you sure you want to abandon this character and quit the game? (Confirm with "yes".)

* ###. #.?..#
########... #....#
#........#. #....#
#......# #.
#....###.?....###.
*##........†####.... *
,.....####.* ##.### *
#.....##.. ##..# ,
#@..=.##.. #..## * *
#.....##.# #.##
*##.##.##.###.### *
#.##..........# * , ,
, #..#.....>÷.!.##. *
...####........>......
* *
......[............###
#......#..?..........#
,
#............(.....#..


There were no monsters in sight!

Vanquished Creatures
  A worm (D:2)
  3 bats (D:1)
  An endoplasm (D:1)
  A giant cockroach (D:1)
  A goblin (D:1)
  2 hobgoblins (D:1)
  4 jackals (D:1)
  A ball python (D:1)
  4 frilled lizards
  A rat (D:1)
19 creatures vanquished.

Vanquished Creatures (others)
  55 foxfires
  4 toadstools (D:1)
59 creatures vanquished.

Grand Total: 78 creatures vanquished

Notes
Turn   | Place    | Note
-------+----------+-------------------------------------------
     0 | D:1      | iamoutofideas the Meteoran Fire Elementalist began the
                  | quest for the Orb.
     0 | D:1      | Reached XP level 1. HP: 14/14 MP: 5/5
    40 | D:1      | Reached XP level 2. HP: 16/20 MP: 1/6
    57 | D:1      | Reached skill level 4 in Fire Magic
    57 | D:1      | You fall into a shaft and drop 1 floor!
   333 | D:2      | Learned a level 2 spell: Scorch
   608 | D:1      | Reached XP level 3. HP: 20/26 MP: 8/8
   640 | D:1      | Upgraded the game from 0.29.1-13-g9f3cf754e1 to
                  | 0.29.1-15-g9cfb28693d
   646 | D:1      | Quit the game

Illustrated notes

Levels and vault maps discovered:
D:1:      ldierk_walled_garden_2, layout_rooms
D:2:      layout_basic, shapermc_ecumenical_altar_pompeii,
          kennysheep_generic_room_2

Skill      XL: |  1  2 |
---------------+-------+-----
Spellcasting   | 3 |  3.2
Fire Magic     | 4 |  4.3
Dodging        | |  2.4
Stealth        | |  1.6
Conjurations   | |  1.4

Action                   || total
-------------------------++-------
Melee: Unarmed           ||     3
 Cast: Foxfire           ||    38
       Scorch            ||     1
Armor: Robe              ||    14
Dodge: Dodged            ||    18
